 Dungeon Sprint DCSS version 0.28.0-43-g3370ac3207 (webtiles) character file.

Game seed: 10804678430056810958

1489 boopmooplesden the Severer (level 8, -2/90 HPs)
             Began as a Hill Orc Berserker on Mar 2, 2022.
             Was an Elder of Trog.
             Slain by a polar bear (7 damage)
             ... in the Dungeon (Sprint II: "The Violet Keep of Menkaure").
             The game lasted 00:02:47 (1046 turns).

boopmooplesden the Severer (Hill Orc Berserker)     Turns: 1046, Time: 00:02:48

Health: -2/90      AC: 16    Str: 22    XL:     8   Next: 80%
Magic:  8/8        EV:  9    Int:  7    God:    Trog [****..]
Gold:   379        SH:  0    Dex: 10    Spells: 7/7 levels left

rFire   . . .      SeeInvis .   a - +0 hand axe
rCold   . . .      Faith    .   (no shield)
rNeg    . . .      Spirit   .   c - +3 chain mail {rPois}
rPois   +          Reflect  .   (no helmet)
rElec   .          Harm     .   (no cloak)
rCorr   .          Rampage  .   i - +0 pair of gloves
Will    .....      NoTele   +   d - +0 pair of boots
Stlth   ..........              (no amulet)
HPRegen 0.25/turn               (no ring)
MPRegen 0.11/turn               (no ring)

@: on berserk cooldown, hasted, very quick
A: no striking features
a: Renounce Religion, Berserk, Trog's Hand, Brothers in Arms


You were in the Dungeon.
You worshipped Trog.
Trog was greatly pleased with you.
You visited 1 branch You collected 729 gold pieces.
You spent 350 gold pieces at shops.

Inventory:

Hand Weapons
 a - a +0 hand axe (weapon)
Armour
 b - a +0 animal skin
 c - a +3 chain mail of poison resistance (worn)
 d - a +0 pair of boots (worn)
 i - a +0 pair of gloves (worn)
Scrolls
 h - a scroll of blinking
Potions
 f - 3 potions of magic
 g - a potion of berserk rage


   Skills:
 + Level 14.3 Fighting
 + Level 15.6 Axes
 + Level 7.1 Armour
 + Level 5.2 Dodging
 + Level 2.8 Stealth


You had 7 spell levels left.
You didn't know any spells.
Your spell library was empty.

Dungeon Overview and Level Annotations

Branches:
Dungeon (1/1)

Altars:
Cheibriados
Dithmenos
Elyvilon
Fedhas
Gozag
Hepliaklqana
Kikubaaqudgha
Makhleb
Nemelex Xobeh
Okawaru
Qazlal
Ru
Sif Muna
Trog
Uskayaw
Vehumet
Wu Jian
Xom
Yredelemnul
Zin
The Shining One
Jiyva
Lugonu

Shops:
D ==:![([:?*[=(?!

Annotations:
D exclusions: ice statue and oklob plant


Message History

Your Fighting skill increases to level 14!
Your Armour skill increases to level 7!
You hit the polar bear but do no damage.
The polar bear is lightly wounded.
You completely miss the polar bear.
The polar bear is lightly wounded.
The polar bear bites you.
* * * LOW HITPOINT WARNING * * *
The polar bear barely misses you. The polar bear closely misses you.
You hit the polar bear but do no damage.
The polar bear is lightly wounded.
The polar bear bites you but does no damage.
The polar bear claws you but does no damage. x2
You hit the polar bear but do no damage.
The polar bear is lightly wounded.
You barely miss the polar bear.
The polar bear is lightly wounded.
The polar bear bites you but does no damage.
The polar bear claws you.
* * * LOW HITPOINT WARNING * * *
The polar bear claws you but does no damage.
You barely miss the polar bear.
The polar bear is lightly wounded.
You slash the polar bear!
The polar bear is moderately wounded.
The polar bear closely misses you. The polar bear claws you.
* * * LOW HITPOINT WARNING * * *
The polar bear claws you but does no damage.
You barely miss the polar bear.
The polar bear is moderately wounded.
The polar bear bites you but does no damage.
The polar bear claws you but does no damage. x2
You hit the polar bear but do no damage.
The polar bear is moderately wounded.
Unknown command.
You hit the polar bear.
The polar bear is moderately wounded.
You feel yourself speed up. The polar bear bites you!
You die...

.....# +## #÷## +.###
#..# ... ...####
..####..## #..##.#
'###.##..# +..#..#
.##...#..# #..#..# <.'.#
+..####..##h# !
.##...#....###..@##▓▓▓▓
†###.##.....§≈≈≈≈≈≈≈≈≈≈≈
#.####≈≈..§§§≈#+########
##.#≈≈≈≈≈§≈§§≈#..._._._#
#.##≈≈≈≈≈§≈≈§≈#_._._._.#
'##≈≈≈≈≈§≈≈≈≈≈#._._._._#
≈≈≈≈≈≈≈≈§§≈≈≈≈#_._._._.#
#+++#≈≈§≈≈≈§§≈#._._._..#
....##≈§≈###§≈#_._._...


You could see a polar bear.

Vanquished Creatures
  2 polar bears (D)
  A hornet (D)
  2 wyverns (D)
  A vampire mosquito (D)
  A water moccasin (D)
  4 necrophages (D)
  3 worms (D)
14 creatures vanquished.

Vanquished Creatures (others)
  Menkaure (D)
  A water moccasin (D)
2 creatures vanquished.

Grand Total: 16 creatures vanquished

Notes
Turn   | Place    | Note
-------+----------+-------------------------------------------
     0 | D        | boopmooplesden the Hill Orc Berserker began the quest for
                  | the Orb.
     0 | D        | Reached XP level 1. HP: 19/19 MP: 1/1
     1 | D        | Noticed a necrophage
     1 | D        | Noticed a necrophage
     1 | D        | Noticed a necrophage
     1 | D        | Noticed a necrophage
     9 | D        | Killed a necrophage
    10 | D        | Reached skill level 8 in Axes
    10 | D        | Reached XP level 2. HP: 34/34 MP: 2/2
    10 | D        | Reached XP level 3. HP: 39/39 MP: 3/3
    10 | D        | Reached XP level 4. HP: 47/47 MP: 4/4
    14 | D        | Killed a necrophage
    15 | D        | Reached skill level 9 in Axes
    15 | D        | Reached XP level 5. HP: 50/56 MP: 5/5
    18 | D        | Killed a necrophage
    18 | D        | Reached ** piety under Trog
    19 | D        | Reached skill level 11 in Axes
    19 | D        | Reached XP level 6. HP: 51/66 MP: 6/6
    21 | D        | Killed a necrophage
    22 | D        | Reached skill level 10 in Fighting
    22 | D        | Reached skill level 5 in Armour
    60 | D        | Killed Menkaure
   176 | D        | Reached skill level 12 in Axes
   188 | D        | Reached *** piety under Trog
   189 | D        | Noticed a water moccasin
   200 | D        | Noticed a water moccasin
   206 | D        | Killed a water moccasin
   207 | D        | Reached XP level 7. HP: 9/74 MP: 7/7
   445 | D        | Noticed a wyvern
   445 | D        | Noticed a wyvern
   454 | D        | Killed a wyvern
   455 | D        | Reached skill level 13 in Axes
   455 | D        | Reached skill level 1 in Stealth
   459 | D        | Killed a wyvern
   460 | D        | Reached skill level 14 in Axes
   546 | D        | Noticed a boulder beetle
   546 | D        | Noticed a boulder beetle
   553 | D        | Noticed an ice statue
   561 | D        | Found Huuth's Jewellery Shop.
   561 | D        | Found Risopi's Weapon Shop.
   562 | D        | Found Zufrit's General Store.
   562 | D        | Found Tioblium's Antique Armour Boutique.
   563 | D        | Noticed a vampire mosquito
   590 | D        | Killed a vampire mosquito
   590 | D        | Reached **** piety under Trog
   591 | D        | Reached XP level 8. HP: 15/86 MP: 8/8
   895 | D        | Found Cesenydo's Magic Scroll Boutique.
   895 | D        | Found Boas Qaa's Distillery.
   895 | D        | Found Enakur's Book Shop.
   897 | D        | Found Ukag Val's Antique Armour Shop.
   897 | D        | Found Xyluv's Antique Weapon Boutique.
   897 | D        | Found Payv's Magic Scroll Boutique.
   900 | D        | Found Lorauruph's Antique Armour Boutique.
   900 | D        | Found Plog's Distillery.
   900 | D        | Noticed a death yak
   900 | D        | Noticed an oklob plant
   901 | D        | Found Fuimanabb's Jewellery Shop.
   901 | D        | Found Daymm's Jewellery Boutique.
   901 | D        | Found Veil's Book Shoppe.
   901 | D        | Noticed a wyvern
   902 | D        | Noticed a wyvern
   905 | D        | Noticed a cane toad
   905 | D        | Noticed a cane toad
   910 | D        | Bought a glowing chain mail for 157 gold pieces
   921 | D        | Bought a pair of boots for 90 gold pieces
   934 | D        | Bought a pair of gloves for 103 gold pieces
   967 | D        | Noticed a flying skull
   971 | D        | Found a glowing golden altar of the Shining One.
   971 | D        | Found an ornate altar of the Wu Jian Council.
   971 | D        | Found a stormy altar of Qazlal.
   972 | D        | Found a shimmering altar of Xom.
   972 | D        | Found a sacrificial altar of Ru.
   972 | D        | Found a hazy altar of Hepliaklqana.
   973 | D        | Found a basalt altar of Yredelemnul.
   973 | D        | Found a shimmering blue altar of Sif Muna.
   973 | D        | Found a viscous altar of Jiyva.
   974 | D        | Found a glowing silver altar of Zin.
   974 | D        | Found a bloodstained altar of Trog.
   974 | D        | Found an ancient bone altar of Kikubaaqudgha.
   974 | D        | Found a snail-covered altar of Cheibriados.
   975 | D        | Found a hide-covered altar of Uskayaw.
   975 | D        | Found a corrupted altar of Lugonu.
   975 | D        | Found a shadowy altar of Dithmenos.
   976 | D        | Found a radiant altar of Vehumet.
   976 | D        | Found a burning altar of Makhleb.
   976 | D        | Found a white marble altar of Elyvilon.
   977 | D        | Found a sparkling altar of Nemelex Xobeh.
   977 | D        | Found a blossoming altar of Fedhas.
   978 | D        | Found an iron altar of Okawaru.
   978 | D        | Found an opulent altar of Gozag.
   978 | D        | Noticed a polar bear
   978 | D        | Noticed a polar bear
   978 | D        | Noticed a polar bear
   993 | D        | Noticed a hornet
   998 | D        | Killed a polar bear
  1000 | D        | Noticed a yaktaur
  1005 | D        | Killed a polar bear
  1006 | D        | Reached skill level 15 in Axes
  1006 | D        | Reached skill level 5 in Dodging
  1036 | D        | Killed a hornet
  1043 | D        | HP: 4/90 [polar bear (1)]
  1046 | D        | Slain by a polar bear

Illustrated notes

Levels and vault maps discovered:
D:        the_violet_keep_of_menkaure [sprint2_stairs_cluster_1,
          sprint2_shoproom, sprint2_temple, sprint2_basic_supplies,
          sprint2_obstacle_2, sprint2_obstacle_1, sprint2_obstacle_5,
          sprint2_obstacle_3, sprint2_obstacle_7, sprint2_timed_cluster_1,
          sprint2_smallroom_cluster_1, sprint2_smallroom_final_cluster_1,
          sprint2_transparent_cluster_1, sprint2_second_timed_cluster_1,
          sprint2_sniper_area_1, sprint2_heavy_combat_area_1,
          sprint2_mutation_trap_area_1, sprint2_forest_area_1,
          sprint2_light_combat_area_1, sprint2_behind_water_1,
          sprint2_near_end_vault_1]

Skill      XL: |  1  2  3  4  5  6  7  8 |
---------------+-------------------------+-----
Fighting       | 7 8 9 11 13 14 | 14.3
Axes           | 8 9 11 12 14 15 | 15.6
Armour         | 3 4 5 6 7 |  7.1
Dodging        | 2 3 4 5 |  5.2
Stealth        | 2 |  2.8

Action                   |  1- 3 |  4- 6 |  7- 9 || total
-------------------------+-------+-------+-------++-------
Melee: Hand axe          |     7 |    33 |   102 ||   142
       Punch             |       |     2 |       ||     2
Invok: Berserk           |     1 |     1 |     3 ||     5
  Use: Potion            |       |     1 |     2 ||     3
 Stab: Sleeping          |       |     1 |       ||     1
Armor: Animal skin       |       |     2 |     3 ||     5
       Chain mail        |       |       |    34 ||    34
Dodge: Dodged            |     2 |     5 |    47 ||    54
